 Dungeon Crawl Stone Soup version 0.24-a0-123-ga2403f3 (console) character file.

Game seed: 11964849813384582542

975 Voker57 the Slasher (level 7, -2/54 HPs)
             Began as a Demonspawn Gladiator on Feb 22, 2019.
             Was a Follower of Okawaru.
             Slain by a gnoll
             ... wielding a +0 spear
              (9 damage)
             ... on level 5 of the Dungeon.
             The game lasted 00:04:23 (3528 turns).

Voker57 the Slasher (Demonspawn Gladiator)          Turns: 3528, Time: 00:04:24

Health: -2/54      AC:  7    Str: 14    XL:     7   Next: 95%
Magic:  9/9        EV: 11    Int: 10    God:    Okawaru [*.....]
Gold:   204        SH:  4    Dex: 16    Spells: 6/6 levels left

rFire    . . .     SeeInvis .   a - +0 long sword
rCold    . . .     Gourm    .   x - +0 buckler
rNeg     . . .     Faith    .   o - +0 scale mail {rPois}
rPois    +         Spirit   .   c - +0 helmet
rElec    .         Reflect  .   (no cloak)
rCorr    .         Harm     .   (no gloves)
MR       .....                  (no boots)
Stlth    ..........             (no amulet)
HPRegen  0.18/turn              (no ring)
MPRegen  0.11/turn              (no ring)

@: no status effects
A: hooves 2, spiny 2
a: Heroism, Renounce Religion


You were on level 5 of the Dungeon.
You worshipped Okawaru.
Okawaru was aware of your devotion.
You were not hungry.

You visited 1 branch of the dungeon, and saw 5 of its levels.

You collected 204 gold pieces.

Inventory:

Hand Weapons
 a - a +0 long sword (weapon)
 b - a +0 dagger of electrocution
Armour
 c - a +0 helmet (worn)
 o - a +0 scale mail of poison resistance (worn)
 r - a +0 leather armour
 x - a +0 buckler (worn)
Jewellery
 h - a +3 amulet of reflection {unknown}
Wands
 w - a wand of iceblast (11)
Scrolls
 e - a scroll of magic mapping {unknown}
 i - a scroll of random uselessness {unknown}
 j - 2 scrolls of identify {unknown}
 k - 2 scrolls of teleportation {unknown}
 l - a scroll of remove curse {unknown}
 n - 3 scrolls of fog {unknown}
 q - a scroll of enchant weapon {unknown}
Potions
 g - 2 potions of flight {unknown}
 m - a potion of ambrosia
 p - 4 potions of curing {unknown}
 t - 2 potions of brilliance {unknown}
 u - a potion of mutation {unknown}
 v - a potion of degeneration {unknown}
 z - a potion of agility {unknown}
Comestibles
 f - 7 rations


   Skills:
 + Level 4.2 Fighting
 * Level 5.6 Long Blades
 - Level 1.7 Throwing
 + Level 2.8 Armour
 + Level 4.4 Dodging
 + Level 1.7 Shields
 + Level 3.0 Invocations


You had 6 spell levels left.
You didn't know any spells.
Your spell library was empty.

Dungeon Overview and Level Annotations

Branches:
Dungeon (5/15)             Temple (0/1) D:4

Altars:
Dithmenos
Okawaru
Sif Muna


Innate Abilities, Weirdness & Mutations

You have hoof-like feet.
You are mostly covered in sharp spines.


Message History

The gnoll misses you.
You closely miss the gnoll. You kick the gnoll.
You kill the gnoll!
Okawaru accepts your kill.
Your Invocations skill increases to level 3!
The gnoll barely misses you. The gnoll closely misses you.
The gnoll hits you with a +0 halberd!
* * * LOW HITPOINT WARNING * * *
Things that are here:
a +0 halberd; a gnoll corpse You hit the gnoll but do no damage.
The gnoll hits you but does no damage.
You hit the gnoll. You kick the gnoll.
The gnoll is severely wounded.
The gnoll is struck by your spines.
You kill the gnoll!
Okawaru accepts your kill.
The gnoll hits you from afar with a +0 spear.
* * * LOW HITPOINT WARNING * * *
The gnoll is struck by your spines. The gnoll hits you with a +0 spear!
You die...

#.#.##.###.
##>.........
+..#g##.##.... #....#
# ... #../.# ...
#....# #.## #...(#
#..# ##...)#### #..##
#....†..†####...#
#....)..g@)...#
#........#####......#
#....#..### ......#
#.##..... ......#
.......(... ......#
## ........ ##+##.#
###....### # ...


You could see a gnoll.

Vanquished Creatures
  A phantom (D:4)
  An ogre (D:5)
  A centaur (D:5)
  A scorpion (D:4)
  3 howler monkeys
  A crimson imp (D:5)
  An orc priest (D:4)
  A hound (D:4)
  A jelly (D:5)
  A centaur skeleton (D:4)
  3 iguanas (D:4)
  4 worker ants
  A howler monkey skeleton (D:5)
  7 gnolls
  4 adders
  A shadow imp (D:5)
  2 worms
  3 dart slugs
  2 leopard geckos
  9 orcs
  2 ball pythons (D:1)
  8 bats
  3 giant cockroaches
  10 goblins
  13 hobgoblins
  9 jackals
  A quokka (D:2)
  5 frilled lizards
  9 kobolds
  A leopard gecko skeleton (D:3)
  10 rats
119 creatures vanquished.

Notes
Turn   | Place    | Note
-------+----------+-------------------------------------------
     0 | D:1      | Voker57 the Demonspawn Gladiator began the quest for the
                  | Orb.
     0 | D:1      | Reached XP level 1. HP: 16/16 MP: 1/1
     2 | D:1      | Noticed a vampire
     2 | D:1      | Noticed a troll
     4 | D:1      | Noticed a centaur
     4 | D:1      | Noticed a naga
     6 | D:1      | Noticed a merfolk
     8 | D:1      | Noticed a dwarf
     8 | D:1      | Noticed a felid
    10 | D:1      | Noticed an ogre
    12 | D:1      | Noticed a spriggan
    12 | D:1      | Noticed a draconian
    14 | D:1      | Noticed a human
    16 | D:1      | Noticed a tengu
    16 | D:1      | Noticed an octopode
    18 | D:1      | Noticed a demigod
    18 | D:1      | Noticed a halfling
    20 | D:1      | Noticed a ghoul
    20 | D:1      | Noticed an elf
    22 | D:1      | Noticed a demonspawn
    22 | D:1      | Noticed a gargoyle
    24 | D:1      | Noticed a minotaur
    26 | D:1      | Noticed a vine stalker
    26 | D:1      | Noticed a formicid
    99 | D:1      | Reached skill level 3 in Long Blades
    99 | D:1      | Gained mutation: You are partially covered in sharp spines.
                  | [demonic ancestry]
    99 | D:1      | Reached XP level 2. HP: 12/22 MP: 2/2
  1084 | D:2      | Gained mutation: You have large cloven feet. [demonic
                  | ancestry]
  1084 | D:2      | Reached XP level 3. HP: 23/28 MP: 3/3
  1498 | D:2      | Found a shadowy altar of Dithmenos.
  1522 | D:2      | Gained mutation: You have hoof-like feet. [demonic
                  | ancestry]
  1522 | D:2      | Reached XP level 4. HP: 31/34 MP: 4/4
  2351 | D:3      | Reached skill level 1 in Armour
  2429 | D:3      | Found a deep blue altar of Sif Muna.
  2642 | D:4      | Reached skill level 4 in Long Blades
  2642 | D:4      | Reached XP level 5. HP: 41/41 MP: 5/5
  2802 | D:4      | Found an iron altar of Okawaru.
  2814 | D:4      | Reached XP level 6. HP: 41/47 MP: 6/6
  3027 | D:4      | Became a worshipper of Warmaster Okawaru
  3145 | D:4      | Reached skill level 1 in Invocations
  3149 | D:4      | Reached skill level 5 in Long Blades
  3207 | D:4      | Found a staircase to the Ecumenical Temple.
  3223 | D:4      | Gained mutation: You are mostly covered in sharp spines.
                  | [demonic ancestry]
  3223 | D:4      | Reached XP level 7. HP: 43/53 MP: 6/8
  3299 | D:4      | Reached skill level 1 in Shields
  3454 | D:5      | Entered Level 5 of the Dungeon
  3486 | D:5      | Reached * piety under Okawaru
  3528 | D:5      | Slain by a gnoll

Levels and vault maps discovered:
D:1:      kb_arrival_jail, layout_basic, serial_forest,
          infiniplex_forest_clump_small, infiniplex_forest_lined_1,
          infiniplex_forest_end_3, infiniplex_forest_corner_1,
          infiniplex_forest_straight_4, infiniplex_forest_end_3,
          infiniplex_forest_clump_diagonal, infiniplex_forest_join,
          hangedman_decor_clover_reticule
D:2:      layout_loops_corners, lemuel_doored_altar, first_ration,
          minmay_pentomino_o4
D:3:      corexii_shack_village, layout_loops_cross, led_sif_pool
D:4:      layout_rooms, minmay_temple_entry_waves, okawaru_altar_gauntlet_db
D:5:      layout_basic, serial_shops, kennysheep_mini_moat, serial_corexii_hall,
          corexii_hall_statues_x, chequers_hall_statues_corner_a

Skill      XL: |  1  2  3  4  5  6  7 |
---------------+----------------------+-----
Long Blades    | 3 4 5 |  5.6
Dodging        | 3 4 |  4.4
Armour         | 1 2 |  2.8
Fighting       | 3 4 |  4.2
Invocations    | 1 3 |  3.0
Shields        | 1 |  1.7
Throwing       | |  1.7

Action                   |  1- 3 |  4- 6 |  7- 9 || total
-------------------------+-------+-------+-------++-------
Melee: Long sword        |    89 |   131 |    43 ||   263
       Kick              |     6 |    32 |    19 ||    57
Throw: Throwing net      |       |       |     3 ||     3
  Use: Potion            |       |     2 |     1 ||     3
 Stab: Sleeping          |     1 |       |       ||     1
  Eat: Chunk             |     2 |     6 |     1 ||     9
Armor: Leather armour    |    12 |       |       ||    12
       Scale mail        |    21 |    44 |    22 ||    87
Dodge: Dodged            |    53 |    79 |    26 ||   158
Block: Buckler           |       |     4 |     4 ||     8
       Rpst.: Long sword |    15 |    25 |     9 ||    49

Table legend:
 A = Non-vault XP
 B = Vault XP
 C = Vault XP percentage of total XP
 D = Non-vault monster count
 E = Vault monster count
 F = Vault count percentage of total count
                 A         B        C        D         E       F
            +---------+---------+-------+---------+---------+-------
      Total |    1343 |      50 |   3.6 |     101 |      18 |  15.1
            +---------+---------+-------+---------+---------+-------
        D:1 |      36 |       0 |   0.0 |      21 |       0 |   0.0
        D:2 |      57 |       5 |   8.1 |      20 |       2 |   9.1
        D:3 |      54 |      20 |  27.0 |      22 |      10 |  31.2
        D:4 |     676 |      25 |   3.6 |      26 |       6 |  18.8
        D:5 |     520 |       0 |   0.0 |      12 |       0 |   0.0
            +---------+---------+-------+---------+---------+-------
